 Dungeon Crawl Stone Soup version 0.23.1 (webtiles) character file.

Game seed: 11064745929006519035

1652 PentaManta the Quickloader (level 9, -2/53 HPs)
             Began as a Kobold Hunter on Mar 18, 2019.
             Was a Believer of Okawaru.
             Slain by an orc warrior
             ... wielding a +0 long sword
              (12 damage)
             ... on level 6 of the Dungeon.
             The game lasted 00:17:13 (6300 turns).

PentaManta the Quickloader (Kobold Hunter)          Turns: 6300, Time: 00:17:15

Health: -2/53      AC: 10    Str: 12    XL:     9   Next: 19%
Magic:  0/9        EV: 15    Int: 13    God:    Okawaru [**....]
Gold:   310        SH:  0    Dex: 15    Spells: 8/8 levels left

rFire    . . .     SeeInvis +   a - +1 hand crossbow
rCold    . . .     Gourm    .   (shield restricted)
rNeg     . . .     Faith    .   C - +0 scale mail {rPois}
rPois    +         Spirit   +   r - +2 hat
rElec    .         Reflect  .   B - +0 cloak
rCorr    .         Harm     .   (no gloves)
MR       .....                  c - +0 pair of boots
Stlth    +.........             h - amulet of guardian spirit
HPRegen  0.17/turn              (no ring)
MPRegen  0.11/turn              w - ring of see invisible

@: no status effects
A: small, carnivore
a: Heroism, Renounce Religion


You were on level 6 of the Dungeon.
You worshipped Okawaru.
Okawaru was pleased with you.
You were not hungry.

You visited 2 branches of the dungeon, and saw 7 of its levels.
You also visited: Ossuary.

You collected 310 gold pieces.

Inventory:

Hand Weapons
 a - a +1 hand crossbow (weapon)
 D - a +1 dagger of electrocution
Missiles
 d - 13 bolts (quivered)
 k - 2 throwing nets
Armour
 c - a +0 pair of boots (worn)
 r - a +2 hat (worn)
 t - a +2 robe of cold resistance
 B - a +0 cloak (worn)
 C - a +0 scale mail of poison resistance (worn)
Jewellery
 h - an amulet of guardian spirit (around neck)
 w - a ring of see invisible (right hand)
Wands
 x - a wand of random effects (15)
Scrolls
 g - a scroll of fear
 n - a scroll of holy word {unknown}
 p - a scroll of random uselessness {unknown}
 u - a scroll of remove curse
 y - 5 scrolls of teleportation
 z - 3 scrolls of identify
Potions
 e - 2 potions of magic
 i - a potion of flight
 j - 2 potions of invisibility {unknown}
 l - a potion of curing {unknown}
 m - 3 potions of ambrosia
 o - a potion of lignification {unknown}
 q - a potion of might {unknown}
 s - a potion of berserk rage {unknown}
 v - a potion of brilliance {unknown}
 A - a potion of haste {unknown}
Comestibles
 f - 8 rations


   Skills:
 * Level 4.9 Fighting
 - Level 10.0 Crossbows
 * Level 8.2 Dodging
 + Level 4.2 Stealth


You had 8 spell levels left.
You didn't know any spells.
Your spell library was empty.

Dungeon Overview and Level Annotations

Branches:
Dungeon (6/15)             Temple (1/1) D:5

Altars:
Ashenzari
Dithmenos
Elyvilon
Fedhas
Gozag
Kikubaaqudgha
Makhleb
Nemelex Xobeh
Okawaru
Qazlal
Ru
Sif Muna
Trog
Vehumet
Wu Jian
Xom
Zin
The Shining One

Annotations:
D:5 3 runed translucent doors, Singularity42's ghost, amateur OpTm


Innate Abilities, Weirdness & Mutations

You are small and have problems with some larger weapons.
You are carnivorous and can eat meat at any time.


Message History

The bolt barely misses the orc priest.
The orc warrior barely misses you. The orc misses you.
The orc closely misses you.
Firing (i - inventory. (/) - cycle)
d - 14 bolts (quivered)
Press: ? - help, Shift-Dir - straight line, f - orc, p - orc priest
Aim: an orc, wielding a +0 club
Okay, then.
An orc wizard comes into view. It is wielding a +0 dagger.
The orc wizard shouts!
The orc closely misses you.
Firing (i - inventory. (/) - cycle)
d - 14 bolts (quivered)
Press: ? - help, Shift-Dir - straight line, f/p - orc priest
Aim: an orc priest, wielding a +0 club (almost dead)
You shoot a bolt. The bolt hits the orc warrior.
The orc warrior is lightly wounded.
The orc wizard mumbles some strange words.
The orc wizard flickers and vanishes for a moment.
The orc hits you but does no damage. The orc hits you with a +0 hand axe.
* * * LOW HITPOINT WARNING * * *
The orc warrior hits you with a +0 long sword!
You die... # #### #.# ##.@## ... #oooo#

...
#..oo#
...
#?...(#
##.
##..(##
##
#..o#
#.((..
#.###.
#.


You could see an orc warrior, an orc priest, an orc wizard (invisible) and 4
orcs.

Vanquished Creatures
  A sky beast (D:6)
  3 ice beasts
  2 ogres
  A bullfrog (D:6)
  A scorpion (D:6)
  A crimson imp (D:5)
  2 bullfrog zombies (D:5)
  4 centaur zombies (Ossuary)
  2 hounds
  An orc priest (D:6)
  Crazy Yiuf (D:3)
  6 orc wizards
  5 worker ants
  A statue (D:5)
  A hound skeleton (D:6)
  5 mummies (Ossuary)
  A howler monkey skeleton (D:5)
  4 gnolls (D:3)
  11 adders
  A river rat (D:5)
  2 oozes
  3 adder skeletons
  2 worms (D:3)
  3 dart slugs
  6 leopard geckos
  13 orcs
  8 giant cockroaches
  6 goblins
  2 hobgoblins
  3 quokkas
  2 ball pythons (D:3)
  3 bats
  4 frilled lizards
  A giant cockroach zombie (D:5)
  A hobgoblin zombie (Ossuary)
  7 kobolds
  2 quokka skeletons
  A quokka zombie (D:6)
  10 rats
133 creatures vanquished.

Notes
Turn   | Place    | Note
-------+----------+-------------------------------------------
     0 | D:1      | PentaManta the Kobold Hunter began the quest for the Orb.
     0 | D:1      | Reached XP level 1. HP: 12/12 MP: 1/1
    40 | D:1      | Reached skill level 5 in Crossbows
    80 | D:1      | Reached XP level 2. HP: 17/17 MP: 2/2
   729 | D:2      | Reached XP level 3. HP: 21/21 MP: 3/3
  1603 | D:2      | Reached skill level 6 in Crossbows
  1603 | D:2      | Reached XP level 4. HP: 21/26 MP: 4/4
  1668 | D:2      | Reached XP level 5. HP: 17/30 MP: 5/5
  1995 | D:3      | Reached skill level 7 in Crossbows
  2431 | D:3      | Reached XP level 6. HP: 35/35 MP: 6/6
  2544 | D:3      | You fall through a shaft!
  3055 | D:3      | Found a runed translucent door.
  3056 | D:3      | Noticed Crazy Yiuf
  3354 | D:4      | Noticed an ogre
  3361 | D:4      | Killed an ogre
  3361 | D:4      | Reached skill level 8 in Crossbows
  3361 | D:4      | Reached skill level 5 in Dodging
  3361 | D:4      | Reached XP level 7. HP: 40/40 MP: 7/7
  3502 | D:4      | Found a stormy altar of Qazlal.
  3804 | D:5      | Entered Level 5 of the Dungeon
  3876 | D:5      | Reached skill level 9 in Crossbows
  3948 | D:5      | Found a staircase to the Ecumenical Temple.
  3951 | D:5      | Found a runed translucent gate.
  3951 | D:5      | Found a runed translucent gate.
  3951 | D:5      | Found a runed translucent gate.
  3955 | D:5      | Noticed Singularity42's ghost (amateur OpTm)
  3968 | Temple   | Entered the Ecumenical Temple
  4194 | Temple   | Became a worshipper of Warmaster Okawaru
  4224 | D:5      | Found a sand-covered staircase.
  4229 | Ossuary  | Entered an ossuary
  4439 | Ossuary  | Reached XP level 8. HP: 44/44 MP: 8/8
  4929 | D:5      | Reached skill level 10 in Crossbows
  4989 | D:5      | Found a white marble altar of Elyvilon.
  5084 | D:5      | Reached * piety under Okawaru
  5209 | D:5      | Found a radiant altar of Vehumet.
  5620 | D:3      | Killed Crazy Yiuf
  5963 | D:6      | Found a shimmering altar of Xom.
  5964 | D:6      | Found a shimmering altar of Xom.
  5964 | D:6      | Found a shimmering altar of Xom.
  6061 | D:6      | Found a sparkling altar of Nemelex Xobeh.
  6119 | D:6      | Reached XP level 9. HP: 34/52 MP: 6/9
  6240 | D:6      | Reached ** piety under Okawaru
  6300 | D:6      | Slain by an orc warrior

Skill      XL: |  1  2  3  4  5  6  7  8  9 |
---------------+----------------------------+-----
Crossbows      | 5 6 7 8 9 10 | 10.0
Dodging        | 3 4 5 6 7 8 |  8.2
Stealth        | 3 4 |  4.2
Fighting       | 4 |  4.9

Action                   |  1- 3 |  4- 6 |  7- 9 || total
-------------------------+-------+-------+-------++-------
 Fire: Hand crossbow     |    66 |   129 |   249 ||   444
  Use: Scroll            |       |       |    14 ||    14
  Eat: Chunk             |     1 |    10 |     4 ||    15
       Ration            |       |       |     1 ||     1
Armor: Leather armour    |       |     7 |    11 ||    18
       Scale mail        |       |       |    16 ||    16
Dodge: Dodged            |     9 |    46 |    62 ||   117
